 Dungeon Crawl Stone Soup version 0.28.0-43-g3370ac3207 (webtiles) character file.

Game seed: 15600128940628273028

4378 inmateoo the Thaumaturge (level 10, -5/71 HPs)
             Began as a Barachi Venom Mage on Feb 22, 2022.
             Was a Priest of Cheibriados.
             Slain by an orc warrior
             ... wielding a +0 glaive
              (9 damage)
             ... on level 8 of the Dungeon on Mar 9, 2022.
             The game lasted 00:16:23 (9619 turns).

inmateoo the Thaumaturge (Barachi Venom Mage)       Turns: 9619, Time: 00:16:23

Health: -5/71      AC: 12    Str: 17    XL:     10   Next: 35%
Magic:  22/22      EV: 11    Int: 33    God:    Cheibriados [***...]
Gold:   323        SH:  0    Dex: 22    Spells: 12/25 levels left

rFire   + . .      SeeInvis .   C - +8 lance "Wyrmbane" {slay drac, rPois rF+ rC+ AC+3}
rCold   + . .      Faith    .   (no shield)
rNeg    . . .      Spirit   .   A - quicksilver dragon scales
rPois   +          Reflect  .   (no helmet)
rElec   .          Harm     .   r - scarf {repulsion}
rCorr   .          Rampage  .   (no gloves)
Will    +....                   (no boots)
Stlth   ++........              s - amulet of magic regeneration
HPRegen 0.21/turn               d - ring of poison resistance
MPRegen 0.58/turn               n - +6 ring of intelligence

@: repel missiles, very slow
A: amphibious, slowness 1, strong legs 1, +LOS
a: Hop, Renounce Religion, Bend Time, Temporal Distortion


You were on level 8 of the Dungeon.
You worshipped Cheibriados.
Cheibriados was most pleased with you.
You visited 1 branch of the dungeon, and saw 8 of its levels.

You collected 323 gold pieces.

Inventory:

Hand Weapons
 a - a +0 hand axe of flaming
 i - a +0 hunting sling
 C - the +8 lance "Wyrmbane" (weapon) {slay drac, rPois rF+ rC+ AC+3}
   (You found it on level 6 of the Dungeon)

   It inflicts extra damage against dragons and draconians.
   AC:        It affects your AC (+3).
   rF:        It protects you from fire.
   rC:        It protects you from cold.
   rPois:     It protects you from poison.
Missiles
 b - 284 stones (quivered)
Armour
 f - +1 fire dragon scales
 r - a scarf of repulsion (worn)
 v - an orb of light
 A - quicksilver dragon scales (worn)
 D - +0 steam dragon scales
Jewellery
 c - a ring of protection from cold
 d - a ring of poison resistance (left hand)
 n - a +6 ring of intelligence (right hand)
 o - a +4 ring of protection
 s - an amulet of magic regeneration (around neck)
 t - a ring of protection from cold
 x - a ring of see invisible
 B - a ring of flight
 H - a +4 ring of evasion
Wands
 y - a wand of flame (18)
 E - a wand of mindburst (15)
 G - a wand of acid (6)
 I - a wand of iceblast (9)
Scrolls
 e - 3 scrolls of amnesia
 g - 5 scrolls of enchant armour
 k - 2 scrolls of summoning
 l - 5 scrolls of teleportation
 m - a scroll of fog
 q - 2 scrolls of vulnerability
 w - a scroll of magic mapping
 z - 2 scrolls of identify
 F - a scroll of enchant weapon {unknown}
 K - a scroll of torment {unknown}
Potions
 h - a potion of attraction {unknown}
 j - a potion of curing
 p - 2 potions of degeneration {unknown}
 u - 2 potions of flight
 J - a potion of mutation {unknown}
 L - 2 potions of heal wounds {unknown}
 M - a potion of resistance {unknown}


   Skills:
 - Level 4.0 Fighting
 * Level 6.5 Polearms
 - Level 2.1 Dodging
 - Level 3.0 Stealth
 - Level 3.0 Unarmed Combat
 - Level 8.0 Spellcasting
 - Level 4.0 Conjurations
 - Level 2.0 Transmutations
 - Level 4.0 Fire Magic
 - Level 2.0 Air Magic
 - Level 7.0 Poison Magic
 + Level 3.8 Invocations


You had 12 spell levels left.
You knew the following spells:

 Your Spells              Type           Power      Damage    Failure   Level
a - Sting                 Tmut/Pois      100%       1d8       1%          1
b - Poisonous Vapours     Pois/Air       84%        N/A       1%          2
c - Mephitic Cloud        Conj/Pois/Air  41%        N/A       3%          3
d - Ignite Poison         Fire/Tmut/Pois 41%        N/A       3%          3
e - Olgreb's Toxic Radia  Pois           56%        N/A       3%          4

Your spell library contained the following spells:

 Spells                   Type           Power      Damage    Failure   Level
 Conjure Flame            Conj/Fire      39%        6-21      3%          3
 Sticky Flame             Conj/Fire      39%        2d6       12%         4


Dungeon Overview and Level Annotations

Branches:
Dungeon (8/15)             Temple (0/1) D:7
   Lair: D:8-11

Altars:
Ashenzari
Cheibriados
Fedhas
Gozag
Trog
Wu Jian

Portals:
Abyss: D:4

Annotations:
D:4 2 transporters, zurenarrh's ghost, novice TeAE
D:7 2 transporters, diceflayer's ghost, novice MiFi


Innate Abilities, Weirdness & Mutations

You are amphibious.
You cover ground slowly.
You can hop short distances.
You have an extended range of vision and can be seen from far away.


Message History

An orc comes into view. It is wielding a +0 dagger.
You puncture the orc!
You kill the orc!
Cheibriados appreciates the change of pace.
You see here a +0 dagger.
You reach to attack!
You hit the orc warrior but do no damage.
The orc warrior hits you from afar with a +0 glaive!
You reach to attack!
You barely miss the orc warrior.
The orc warrior hits you from afar with a +0 glaive.
You reach to attack!
You hit the orc warrior but do no damage.
The orc warrior barely misses you.
You reach to attack!
You hit the orc warrior.
The orc warrior is lightly wounded.
You reach to attack!
You hit the orc warrior but do no damage.
The orc warrior is lightly wounded.
The orc warrior hits you from afar with a +0 glaive.
You reach to attack!
You puncture the orc warrior!
The orc warrior is moderately wounded.
The orc warrior hits you from afar with a +0 glaive!
You barely miss the orc. The orc hits you but does no damage.
The orc warrior hits you but does no damage.
You puncture the orc!
You kill the orc!
Cheibriados appreciates the change of pace.
The orc warrior hits you from afar with a +0 glaive! x2
* * * LOW HITPOINT WARNING * * *
Things that are here:
a +0 dagger; an orc corpse You are too injured to fight recklessly!
The orc warrior misses you.
The orc warrior hits you with a +0 glaive!
* * * LOW HITPOINT WARNING * * *
The orc warrior misses you.
The orc warrior hits you but does no damage.
There is a stone staircase leading up here.
The orc warrior hits you from afar with a +0 glaive!
You die...

.# ..#. #. .... ### #.#
...... ..# #.######.#....
#.# ###.##........# #.#
#.....@.o..# #.###
#.#.##).##.# #...#
#.#...).##.# ###.#
#.#....(...# ###.#
#.......##..... ..#.#
###............
..#.########...####......
..................+......
...#.####.......### ..!..


You could see an orc warrior.

Vanquished Creatures
  Pikel (D:7)
  Maggie (D:7)
  A hornet (D:7)
  A troll (D:8)
  Sigmund (D:3)
  2 steam dragons
  Duvessa (D:6)
  A water moccasin (D:8)
  4 orc warriors
  A sky beast (D:7)
  4 black bears
  3 necrophages
  2 ogres (D:6)
  A centaur (D:5)
  4 bullfrogs
  Dowan (D:6)
  3 killer bees (D:8)
  5 wights (D:7)
  2 centaur zombies
  A centaur skeleton (D:7)
  4 orc priests
  An iguana (D:5)
  7 orc wizards
  A killer bee zombie (D:8)
  A hound zombie (D:5)
  A gnoll (D:1)
  3 howler monkey skeletons
  9 adders
  A shadow imp (D:8)
  An ufetubus (D:5)
  An adder zombie (D:5)
  3 dart slugs
  34 orcs
  6 bats
  2 endoplasms
  A giant cockroach (D:1)
  8 goblins
  5 hobgoblins
  8 jackals (D:1)
  4 quokkas
  8 ball pythons
  6 frilled lizards
  6 kobolds
  4 rats
165 creatures vanquished.

Notes
Turn   | Place    | Note
-------+----------+-------------------------------------------
     0 | D:1      | inmateoo the Barachi Venom Mage began the quest for the
                  | Orb.
     0 | D:1      | Reached XP level 1. HP: 13/13 MP: 3/3
   193 | D:1      | Reached XP level 2. HP: 7/20 MP: 0/5
   425 | D:1      | Reached skill level 1 in Fighting
   508 | D:1      | Reached XP level 3. HP: 13/26 MP: 0/6
   526 | D:1      | Learned a level 2 spell: Poisonous Vapours
   530 | D:1      | Learned a level 3 spell: Mephitic Cloud
   982 | D:1      | Found a faded altar of an unknown god.
  1344 | D:1      | Reached XP level 4. HP: 31/32 MP: 4/7
  1942 | D:2      | Reached skill level 1 in Conjurations
  2602 | D:2      | Reached skill level 1 in Air Magic
  2605 | D:2      | Found a snail-covered altar of Cheibriados.
  2761 | D:2      | Became a worshipper of Cheibriados the Contemplative
  3125 | D:3      | Noticed Sigmund
  3526 | D:3      | Reached XP level 5. HP: 37/37 MP: 6/8
  3870 | D:3      | Killed Sigmund
  3871 | D:3      | Reached skill level 3 in Spellcasting
  3871 | D:3      | Reached XP level 6. HP: 16/44 MP: 2/11
  4287 | D:3      | Learned a level 3 spell: Ignite Poison
  4406 | D:4      | Found a one-way gate to the infinite horrors of the Abyss.
  4406 | D:4      | Noticed zurenarrh's ghost (novice TeAE)
  4508 | D:4      | Reached * piety under Cheibriados
  4511 | D:4      | Reached skill level 5 in Poison Magic
  4719 | D:4      | Noticed an ancient zyme
  4720 | D:4      | Found a transporter.
  4752 | D:4      | Found a transporter.
  5238 | D:4      | Found an opulent altar of Gozag.
  5457 | D:5      | Entered Level 5 of the Dungeon
  5484 | D:5      | Reached skill level 4 in Spellcasting
  5484 | D:5      | Reached XP level 7. HP: 50/50 MP: 11/13
  5489 | D:5      | Learned a level 4 spell: Olgreb's Toxic Radiance
  5546 | D:5      | Found a broken altar of Ashenzari.
  5678 | D:5      | Reached ** piety under Cheibriados
  5920 | D:5      | Reached skill level 5 in Spellcasting
  6337 | D:6      | Reached skill level 1 in Unarmed Combat
  6337 | D:6      | Reached skill level 1 in Fire Magic
  6337 | D:6      | Reached XP level 8. HP: 56/57 MP: 8/16
  6448 | D:6      | Noticed Dowan
  6459 | D:6      | Killed Dowan
  6468 | D:6      | Noticed Duvessa
  6477 | D:6      | Killed Duvessa
  6634 | D:6      | Reached skill level 6 in Spellcasting
  6795 | D:6      | Reached *** piety under Cheibriados
  6796 | D:6      | Reached XP level 9. HP: 65/65 MP: 11/18
  7041 | D:6      | Found the +8 lance "Wyrmbane" {slay drac, rPois rF+ rC+
                  | AC+3}
  7115 | D:6      | Identified the +5 mace of Rusyric {protect, Dex+4}
  7187 | D:6      | Reached skill level 1 in Polearms
  7250 | D:6      | Reached skill level 7 in Spellcasting
  7386 | D:7      | Found a transporter.
  7394 | D:7      | Found a transporter.
  7395 | D:7      | Noticed diceflayer's ghost (novice MiFi)
  7411 | D:7      | Found a blossoming altar of Fedhas.
  7415 | D:7      | Found a snail-covered altar of Cheibriados.
  7566 | D:7      | Noticed Maggie
  7574 | D:7      | Killed Maggie
  7575 | D:7      | Reached skill level 1 in Invocations
  7575 | D:7      | Noticed Pikel
  7581 | D:7      | Killed Pikel
  7711 | D:7      | Upgraded the game from 0.28.0-1-gb440e238dd to
                  | 0.28.0-43-g3370ac3207
  7725 | D:7      | Found a staircase to the Ecumenical Temple.
  7737 | D:7      | Reached skill level 8 in Spellcasting
  7763 | D:7      | Found a bloodstained altar of Trog.
  7770 | D:7      | Noticed a hornet
  7778 | D:7      | Killed a hornet
  7779 | D:7      | Reached XP level 10. HP: 44/71 MP: 22/22
  7845 | D:7      | Reached skill level 5 in Polearms
  8896 | D:8      | Identified the +7 quarterstaff "Ciedaff" {flame, Int+4
                  | Dex+5}
  8948 | D:8      | Reached **** piety under Cheibriados
  9383 | D:8      | Found an ornate altar of the Wu Jian Council.
  9619 | D:8      | Slain by an orc warrior

Illustrated notes

Levels and vault maps discovered:
D:1:      elethiomel_arrival_quiet, layout_basic,
          shapermc_ecumenical_altar_notcrosses, minmay_tiny_reverse_x
D:2:      layout_basic, basic_altar, grunt_ministairs_5, minmay_pentomino_t4
D:3:      layout_loops_cross, minmay_misc_feat_columns, uniq_sigmund
D:4:      layout_loops_corners, mainiacjoe_overflow_surrounded_room,
          gammafunk_ghost_abyssal_escape
D:5:      layout_gridville, cheibrodos_ashenzari_chains,
          hangedman_abyss_or_decor_lesser_grid
D:6:      layout_loops_corners, uniq_duvessa
D:7:      layout_basic, kennysheep_mini_moat, nicolae_overflow_hidden_temple,
          minmay_temple_entry_tees, gammafunk_ghost_stat_death,
          roderic_serpentine_path, uniq_maggie, uniq_pikel
D:8:      layout_loops_corners, kennysheep_orc_sif_temple,
          pdpol_wu_jian_five_deadly_venoms

Skill      XL: |  1  2  3  4  5  6  7  8  9 10 |
---------------+-------------------------------+-----
Stealth        | 2 3 |  3.0
Fighting       | 1 2 3 4 |  4.0
Poison Magic   | 4 5 7 |  7.0
Conjurations   | 1 2 3 4 |  4.0
Air Magic      | 1 2 |  2.0
Spellcasting   | 3 4 5 6 8 |  8.0
Transmutations | 2 |  2.0
Unarmed Combat | 1 2 3 |  3.0
Fire Magic     | 1 2 4 |  4.0
Polearms       | 4 6 |  6.5
Invocations    | 2 3 |  3.8
Dodging        | |  2.1

Action                   |  1- 3 |  4- 6 |  7- 9 | 10-12 || total
-------------------------+-------+-------+-------+-------++-------
Melee: Unarmed           |    18 |       |    17 |       ||    35
       Punch             |     1 |       |       |     1 ||     2
       Lance             |       |       |    46 |   110 ||   156
 Fire: Hunting sling     |    22 |   147 |    38 |       ||   207
Throw: Stone             |     7 |       |       |       ||     7
 Cast: Sting             |    41 |    64 |    24 |       ||   129
       Poisonous Vapours |       |    13 |     6 |       ||    19
       Mephitic Cloud    |       |     3 |     8 |       ||    11
       Ignite Poison     |       |     1 |    15 |       ||    16
       Olgreb's Toxic Ra |       |       |    15 |       ||    15
 Abil: Hop               |     4 |     6 |       |       ||    10
  Use: Scroll            |       |     4 |     6 |       ||    10
 Stab: Distracted        |       |       |       |     1 ||     1
       Sleeping          |       |       |       |     1 ||     1
Armor: Robe              |    11 |     7 |     9 |       ||    27
       Quicksilver drago |       |       |    20 |    40 ||    60
Dodge: Dodged            |    57 |    53 |    67 |    47 ||   224
       Repelled          |       |       |     1 |     1 ||     2
